AoeStats
← 859

Nomad

509915187Analyzed
4v4 RM · 5d ago on Sep 28, 2026· 49m 4s· 8 players
Game mode
Random Map
Map size
231×231
Population
200
Speed
Normal
Resources
Standard
Victory
Conquest
Starting age
Dark Age
Ending age
Imperial Age
RankedLock teamsTeams togetherTeam positionsShared explorationLock speedFull tech treeHidden civsTurbo modeCheats
Victory
Defeat
🇪🇸 Koreans · Spain
1485
+12
🇮🇹 Danes · Italy
1479
+13
🇸🇪 Turks · Sweden
1448
+14
🇩🇪 Mongols · Germany
1411
+15
🇨🇳 Spanish · China
1540
-18
🇨🇳 Mongols · China
1407
-14
🇪🇸 Georgians · Spain
1373
-12
🇨🇳 Persians · China
1295
-10
Pelopincho
3:56 Loom
13:31 Feudal Age
16:38 Fletching
16:38 Double-Bit Axe
22:06 Castle Age
19:59 Gold Mining
19:51 Horse Collar
22:02 Town Watch
22:12 Crossbowman
22:48 Bodkin Arrow
23:05 Bow Saw
30:56 Imperial Age
33:29 Bracer
42:40 Wheelbarrow
42:28 Heavy Plow
43:29 Two-Man Saw
43:06 Gold Shaft Mining
42:21 Stone Mining
45:27 Scale Mail Armor
45:37 Forging
46:28 Chain Mail Armor
46:53 Ballistics
47:33 Chemistry
46:15 Treadmill Crane
46:46 Masonry
46:10 Pikeman
46:50 Squires
46:36 Arson
46:54 Halberdier
48:52 Plate Mail Armor
48:57 Iron Casting
GdR_Tuna
4:49 Loom
14:48 Feudal Age
16:40 Double-Bit Axe
20:01 Wheelbarrow
26:09 Castle Age
26:17 Fletching
27:23 Bow Saw
38:33 Imperial Age
36:34 Stone Mining
36:34 Gold Mining
37:20 Hand Cart
36:50 Town Watch
37:12 Pikeman
37:52 Squires
37:38 Arson
37:57 Scale Mail Armor
38:07 Forging
38:42 Gold Shaft Mining
38:42 Stone Shaft Mining
38:53 Chain Mail Armor
39:18 Gambesons
38:54 Elite Varangian Guard
39:21 Capped Ram
41:40 Iron Casting
41:50 Siege Ram
43:01 Conscription
42:48 Halberdier
43:34 Hamask
hermelin*?
5:04 Loom
12:51 Feudal Age
17:42 Castle Age
15:33 Double-Bit Axe
17:26 Gold Mining
18:49 Medium Warships
18:54 Bow Saw
19:02 Stone Mining
19:39 Fishing Lines
22:17 Wheelbarrow
21:27 Town Watch
21:54 Fletching
22:05 Padded Archer Armor
22:56 Bodkin Arrow
24:29 Husbandry
24:39 Bloodlines
24:49 Leather Archer Armor
24:51 Horse Collar
29:03 Scale Barding Armor
32:13 Chain Barding Armor
32:36 Ballistics
36:21 Imperial Age
35:14 Hand Cart
35:20 Thumb Ring
36:01 Town Patrol
36:29 Elite Mangudai
37:14 Bracer
38:21 Chemistry
39:26 Conscription
42:07 Heavy Plow
44:18 Parthian Tactics
44:24 Drill
44:18 Nomads
43:42 Capped Ram
45:10 Siege Ram
49:03 Gillnets
Stuve
13:11 Feudal Age
13:44 Double-Bit Axe
16:06 Fishing Lines
20:36 Castle Age
20:17 Scale Barding Armor
20:27 Forging
20:53 Bloodlines
21:21 Husbandry
21:09 Loom
21:11 Town Watch
23:35 Bow Saw
23:47 Chain Barding Armor
24:55 Gillnets
29:46 Iron Casting
34:13 Imperial Age
34:16 Horse Collar
36:09 Blast Furnace
35:59 Plate Barding Armor
36:38 Plate Barding Armor
37:16 Two-Man Saw
36:35 Medium Warships
38:15 Heavy Warships
38:04 Gold Mining
38:08 Stone Mining
43:25 Fletching
43:35 Padded Archer Armor
46:06 Thumb Ring
48:13 Gold Shaft Mining
47:52 Masonry
48:39 Parthian Tactics
48:44 Bodkin Arrow
49:10 Ballistics
49:17 Parthian Tactics
49:30 Leather Archer Armor
atilaalmogaver
8:30 Loom
13:41 Feudal Age
14:16 Double-Bit Axe
14:49 Town Watch
16:56 Fletching
20:48 Castle Age
19:00 Gold Mining
19:44 Scale Barding Armor
19:56 Stone Mining
22:27 Bow Saw
25:56 Forging
28:28 Chain Barding Armor
33:23 Husbandry
33:59 Bloodlines
35:27 Iron Casting
39:11 Svan Towers
40:04 Ballistics
39:40 Murder Holes
40:17 Horse Collar
41:26 Bodkin Arrow
42:07 Masonry
41:40 Treadmill Crane
42:42 Guard Tower
44:02 Masonry
44:50 Wheelbarrow
47:00 Imperial Age
48:55 Plate Barding Armor
49:21 Blast Furnace
860
4:17 Loom
5:28 Loom
12:35 Feudal Age
16:36 Castle Age
15:40 Double-Bit Axe
15:51 Horse Collar
18:01 Bow Saw
18:03 Heavy Plow
18:14 Fletching
19:08 Bodkin Arrow
24:52 Ballistics
25:51 Wheelbarrow
25:03 Town Watch
25:30 Padded Archer Armor
32:29 Imperial Age
30:06 Gold Mining
30:06 Stone Mining
31:29 Leather Archer Armor
32:16 Gold Shaft Mining
32:17 Stone Shaft Mining
33:35 Husbandry
33:45 Bloodlines
35:00 Chemistry
34:06 Siege Engineers
34:35 Hand Cart
35:25 Conscription
36:03 Elite Mangudai
37:16 Light Cavalry
38:01 Bracer
38:39 Murder Holes
38:55 Scale Barding Armor
39:00 Forging
40:22 Hussar
Su-deity
5:04 Loom
14:58 Feudal Age
19:40 Castle Age
18:49 Padded Archer Armor
24:32 Town Watch
31:24 Fletching
41:09 Wheelbarrow
40:27 Double-Bit Axe
42:39 Medium Warships
859
3:45 Loom
15:25 Feudal Age
15:43 Horse Collar
16:02 Double-Bit Axe
23:41 Castle Age
24:09 Wheelbarrow
24:23 Bow Saw
24:31 Heavy Plow
29:14 Stone Mining
32:44 Gold Mining
36:25 Imperial Age
34:46 Fletching
35:43 Hand Cart
36:05 Gold Shaft Mining
37:42 Scale Barding Armor
37:48 Forging
38:01 Conscription
37:46 Cavalier
38:26 Husbandry
38:37 Bloodlines
39:09 Crop Rotation
39:41 Two-Man Saw
40:07 Chain Barding Armor
40:23 Iron Casting
40:27 Devotion
41:08 Savar
Connection lost

Rejoining the realm…

Still unreachable

The connection could not be restored.

Session expired

The server has moved on; the page needs a fresh start.